 Dungeon Crawl Stone Soup version 0.19-a0-722-g27ac516 (webtiles) character file.

37 SirSavien the Sneak (level 3, -1/26 HPs)
             Began as an Octopode Monk on June 21, 2016.
             Slain by a goblin
             ... wielding a +0 dagger
              (2 damage)
             ... on level 2 of the Dungeon.
             The game lasted 00:01:53 (884 turns).

SirSavien the Sneak (Octopode Monk)                  Turns: 884, Time: 00:01:55

Health: -1/26      AC:  1    Str: 10    XL:     3   Next: 41%
Magic:  3/3        EV: 13    Int: 12    God:
Gold:   40         SH:  0    Dex: 15    Spells: 0 memorised, 2 levels left

rFire  . . .     SeeInvis .       - Unarmed
rCold  . . .     Gourm    .     (no shield)
rNeg   . . .     Faith    .     (helmet restricted)
rPois  .         Spirit   .     (no amulet)
rElec  .         Dismiss  .     (no ring)
rCorr  .         Reflect  .     (no ring)
SustAt .         Harm     .     (no ring)
MR     .....                    (no ring)
Stlth  ++++......               (no ring)
                                (no ring)
                                (no ring)
                                (no ring)

@: not resistant to hostile enchantments, stealthy
A: almost no armour, amphibious, 8 rings, constrict 8, camouflage 1, gelatinous
body 1
a: no special abilities


You were on level 2 of the Dungeon.
You were not hungry.

You visited 1 branch of the dungeon, and saw 2 of its levels.

You collected 40 gold pieces.

Inventory:

Scrolls
 b - a scroll of amnesia {unknown}
 h - a scroll of enchant armour {unknown}
 j - 5 scrolls of identify {unknown}
 k - a scroll of remove curse {unknown}
Potions
 c - 3 potions of brilliance {unknown}
 e - a potion of flight {unknown}
Comestibles
 a - 2 bread rations
 d - 2 fruits
 f - a royal jelly
 g - a slice of pizza
 i - 4 chunks of flesh


   Skills:
 + Level 3.3 Fighting
 + Level 3.3 Dodging
 + Level 3.7 Stealth
 + Level 3.3 Unarmed Combat


You had 2 spell levels left.
You didn't know any spells.

Dungeon Overview and Level Annotations

Branches:
Dungeon (2/15)

Altars:
Xom

Annotations:
D:2 Natasha


Innate Abilities, Weirdness & Mutations

You cannot wear most types of armour.
You are amphibious.
You can wear up to eight rings at the same time.
You can use your tentacles to constrict eight enemies at once.
Your skin changes colour to match your surroundings (Stealth+).
Your rubbery body absorbs attacks. (AC +1)


Message History

The hobgoblin closely misses you.
You tentacle-slap Natasha but do no damage.
You squeeze Natasha.
Natasha is lightly wounded.
You constrict Natasha, but do no damage.
Natasha stares at you and mumbles some strange words.
You resist with significant effort. The goblin barely misses you.
You tentacle-slap Natasha but do no damage.
Natasha is lightly wounded.
You constrict Natasha. The hobgoblin closely misses you.
Natasha howls an incantation.
Natasha glows brightly for a moment.
Natasha barely misses you. The goblin closely misses you.
You tentacle-slap Natasha but do no damage.
You squeeze Natasha.
Natasha is moderately wounded.
You constrict Natasha. The hobgoblin closely misses you. Natasha claws you!
* * * LOW HITPOINT WARNING * * *
The goblin hits you with a dagger.
You die...

.# #.........#
.# #.........#
.# ##.^.#.#.##
.. #...#.#.# ..
......#.#######.
............)...
########.#..####
###..# .# #g@)##
# #.ohg## #..o#.
..#.( ## #.# ..$
# .8.. ###.. ##.


You could see Natasha, 2 orcs, a hobgoblin and a goblin.

Vanquished Creatures
  An ooze (D:1)
  A giant gecko (D:1)
  An orc (D:2)
  A ball python (D:1)
  2 giant cockroaches
  4 goblins
  3 hobgoblins
  2 kobolds
  10 bats
  A giant newt (D:1)
  3 rats (D:1)
29 creatures vanquished.

Notes
Turn   | Place    | Note
--------------------------------------------------------------
     0 | D:1      | SirSavien the Octopode Monk began the quest for the Orb.
     0 | D:1      | Reached XP level 1. HP: 16/16 MP: 1/1
    74 | D:1      | Reached XP level 2. HP: 21/21 MP: 2/2
   410 | D:1      | Found a shimmering altar of Xom.
   581 | D:1      | Reached XP level 3. HP: 23/26 MP: 3/3
   875 | D:2      | Noticed Natasha
   884 | D:2      | HP: 1/26 [Natasha (10)]
   884 | D:2      | Slain by a goblin

Vault maps used:
D:1:      lightli_arrival_noodles, serial_bayou_lagoon_a, xom_teletrap_fun
D:2:      lemuel_round_altar, guppyfry_early_orc_mine, uniq_natasha

Skill      XL: |  1 |
---------------+----+-----
Stealth        | 3 |  3.7
Fighting       | |  3.3
Dodging        | |  3.3
Unarmed Combat | |  3.3

Action                   || total
-------------------------++-------
Melee: Unarmed           ||    68
       Tentacles         ||    13
       Constrict         ||    16
       Punch             ||     2
 Stab: Sleeping          ||    13
Armor: Skin              ||     6
Dodge: Dodged            ||    45
